 Dungeon Crawl Stone Soup version 0.29.1-15-g9cfb28693d (webtiles) character file.

Game seed: 9152546595592726029

159319 DemonSlayer the Eclecticist (level 17, 0/117 HPs)
             Began as a Demonspawn Earth Elementalist on Mar 13, 2023.
             Was the Champion of Dithmenos.
             Slain by a black mamba (7 damage)
             ... on level 4 of the Snake Pit.
             The game lasted 01:41:14 (50957 turns).

DemonSlayer the Eclecticist (DsEE)                 Turns: 50957, Time: 01:41:14

Health: 0/117      AC: 29    Str: 11    XL:     17   Next: 16%
Magic:  15/45      EV: 16    Int: 17    God:    Dithmenos [******]
Gold:   231        SH:  0    Dex: 19    Spells: 4/46 levels left

rFire   . . .      SeeInvis .   E - +7 short sword (vamp)
rCold   . . .      Faith    .   q - +0 buckler
rNeg    . . .      Spirit   .   i - +2 steam dragon scales
rPois   +          Reflect  .   j - +2 hat
rElec   .          Harm     .   m - +2 cloak {rPois}
rCorr   .          Rampage  .   c - +0 pair of gloves
Will    +....                   M - +2 pair of boots
Stlth   ++........              l - amulet of regeneration
HPRegen 1.09/turn               D - +4 ring of slaying
MPRegen 0.29/turn               g - ring of magical power

@: confused, about to teleport, ambrosia-drunk, marked, sanguine armoured,
slowed, wreathed by umbra, studying Evocations, very slow
A: horns 2, icemail 1, spiny 3, sanguine armour 2, condensation shield,
bedeviling
a: Renounce Religion, Shadow Step, Shadow Form


You were on level 4 of the Snake Pit.
You worshipped Dithmenos.
Dithmenos was exalted by your worship.
You visited 7 branches of the dungeon, and saw 29 of its levels.

You collected 2411 gold pieces.
You spent 2180 gold pieces at shops.

Inventory:

Hand Weapons
 E - a +7 vampiric short sword (weapon)
Missiles
 r - 2 throwing nets
 I - 2 curare-tipped darts
Armour
 c - a +0 pair of gloves (worn)
 i - +2 steam dragon scales (worn)
 j - a +2 hat (worn)
 m - a +2 cloak of poison resistance (worn)
 q - a +0 buckler (worn)
 M - a +2 pair of boots (worn)
Jewellery
 g - a ring of magical power (right hand)
 l - an amulet of regeneration (around neck)
 B - a +6 ring of strength
 D - a +4 ring of slaying (left hand)
Wands
 a - a wand of acid (4)
 o - a wand of flame (67)
 t - a wand of roots (24)
 z - a wand of mindburst (11)
 C - a wand of charming (36)
Scrolls
 b - 5 scrolls of amnesia
 d - 6 scrolls of immolation
 e - 8 scrolls of teleportation
 v - 2 scrolls of identify
 w - a scroll of silence
 x - 7 scrolls of vulnerability
 y - 5 scrolls of enchant armour
 K - 4 scrolls of butterflies
Potions
 f - 8 potions of curing
 h - 5 potions of cancellation
 k - 3 potions of attraction
 p - 9 potions of mutation
 s - 5 potions of brilliance
 F - a potion of magic
 G - 3 potions of flight
 H - 3 potions of lignification
Miscellaneous
 n - a phantom mirror
 u - a box of beasts (inert)


   Skills:
 + Level 5.8 Fighting
 + Level 7.9 Short Blades
 + Level 1.2 Throwing
 + Level 2.8 Armour
 + Level 7.3 Dodging
 + Level 6.9 Stealth
 + Level 7.4 Shields
 + Level 15.2 Spellcasting
 + Level 14.4 Conjurations
 + Level 1.5 Transmutations
 + Level 0.2 Air Magic
 + Level 14.8 Earth Magic
 + Level 1.0 Poison Magic
 + Level 2.9 Evocations


You had 4 spell levels left.
You knew the following spells:

 Your Spells              Type           Power      Damage    Failure   Level
a - Freezing Cloud        Conj/Ice/Air   14%        6-21      22%         5
b - Passwall              Tmut/Erth      33%        N/A       1%          2
c - Stone Arrow           Conj/Erth      100%       3d13      1%          3
d - Petrify               Tmut/Erth      40%        N/A       1%          4
e - Mephitic Cloud        Conj/Pois/Air  30%        N/A       2%          3
f - Ignite Poison         Fire/Tmut/Pois 15%        N/A       13%         3
g - Lehudib's Crystal Sp  Conj/Erth      29%        10d8      69%         8
h - Iron Shot             Conj/Erth      29%        9d6       2%          6
i - Dispel Undead         Necr           12%        3d9       52%         4
j - Iskenderun's Mystic   Conj/Tloc      37%        2d9       3%          4

Your spell library contained the following spells:

 Spells                   Type           Power      Damage    Failure   Level
 Sandblast                Erth           100%       2d20      0%          1
 Foxfire                  Conj/Fire      100%       2x1d9     1%          1
 Sting                    Tmut/Pois      68%        1d6       3%          1
 Animate Armour           Summ/Erth      76%        N/A       3%          4
 Wereblood                Tmut           18%        N/A       4%          2
 Apportation              Tloc           24%        N/A       6%          1
 Necrotise                Necr           48%        1d6       6%          1
 Summon Small Mammal      Summ           48%        N/A       6%          1
 Poisonous Vapours        Pois/Air       30%        N/A       7%          2
 Sublimation of Blood     Necr           12%        N/A       10%         2
 Frozen Ramparts          Ice            24%        1d4       19%         3
 Portal Projectile        Hex/Tloc       38%        N/A       19%         3
 Tukima's Dance           Hex            19%        N/A       19%         3
 Olgreb's Toxic Radiance  Pois           16%        N/A       36%         4
 Ice Form                 Ice/Tmut       15%        N/A       41%         4
 Corpse Rot               Necr/Pois/Air  14%        N/A       45%         4
 Airstrike                Air            6%         2d(1-17)  50%         4
 Summon Lightning Spire   Summ/Air       13%        N/A       50%         4
 Passage of Golubria      Tloc           12%        N/A       52%         4
 Summon Ice Beast         Ice/Summ       12%        N/A       52%         4
 Iskenderun's Battlesphe  Conj           58%        2d11      1%          5
 Lightning Bolt           Conj/Air       18%        1d33      9%          5
 Blade Hands              Tmut           9%         N/A       65%         5
 Summon Mana Viper        Hex/Summ       19%        N/A       86%         5
 Death Channel            Necr           6%         N/A       100%        6
 Dispersal                Tloc           6%         N/A       100%        6
 Summon Cactus Giant      Summ           6%         N/A       100%        6
 Monstrous Menagerie      Summ           6%         N/A       100%        7
 Storm Form               Tmut/Air       8%         N/A       100%        7
 Summon Hydra             Summ           6%         N/A       100%        7
 Maxwell's Capacitive Co  Air            6%         ∞         100%        8


Dungeon Overview and Level Annotations

Branches:
Dungeon (15/15)            Temple (1/1) D:7            Lair (5/5) D:9
 Shoals (1/4) Lair:3        Snake (4/4) Lair:3        Slime (0/5) Lair:5
    Orc (2/2) D:11            Elf (1/3) Orc:2        Vaults (0/5) D:14
 Depths (0/4) D:15

Altars:
Ashenzari
Cheibriados
Dithmenos
Fedhas
Gozag
Hepliaklqana
Kikubaaqudgha
Makhleb
Nemelex Xobeh
Okawaru
Qazlal
Ru
Sif Muna
Trog
Uskayaw
Vehumet
Wu Jian
Xom
Yredelemnul
Jiyva
Lugonu

Shops:
D:7 :   D:9 *   D:14 =   Orc:1 *   Orc:2 [=*

Portals:
Abyss: Lair:5

Annotations:
D:11 2 transporters, Lysca's ghost, journeyman MfTm


Innate Abilities, Weirdness & Mutations

You have a pair of horns on your head.
A meltable icy envelope protects you from harm. (AC +4)
You are completely covered in sharp spines.
When seriously injured, your blood forms thick armour. (AC +9)
A meltable shield of frost defends you. (SH +4)
Your hexes are more powerful.


Message History

As you read the scroll of teleportation, it crumbles to dust.
You feel strangely unstable. You block the black mamba's attack.
You block the mana viper's attack.
The guardian serpent casts a spell at you.
The bolt of poison hits you but does no damage.
You resist. You block the black mamba's attack.
The shock serpent shoots out a bolt of lightning at you!
The bolt of electricity hits you!!
* * * LOW HITPOINT WARNING * * *
The bolt of electricity hits you!
* * * LOW HITPOINT WARNING * * *
The bolt of electricity hits the shock serpent.
The shock serpent completely resists.
The mana viper misses you.
Unknown command.
Unknown command.
Unknown command.
You feel better.
The black mamba is struck by your spines.
The black mamba barely misses you. The guardian serpent hits you.
* * * LOW HITPOINT WARNING * * *
The shock serpent misses you.
The mana viper is struck by your spines.
The mana viper completely misses you. You block the black mamba's attack.
The guardian serpent casts a spell at you.
You feel yourself slow down.
The shock serpent bites you but does no damage.
Unknown command.
Unknown command.
Unknown command.
Unknown command.
Unknown command.
You are confused.
You feel invigorated. The black mamba closely misses you.
The mana viper is struck by your spines.
The mana viper bites you!
* * * LOW HITPOINT WARNING * * *
You feel your power leaking away.
The guardian serpent closely misses you.
The shock serpent barely misses you. The black mamba bites you!
You die...

#......# #.
#......# ##.?
#..._..# ....
#......### .....
#........##.....
.###.†.#...........
.....§§§.N.........
.#...#SSS#.....N...
N....§S@##....S....
....§§#####?.......
....## ......N..
.... ........#. ..
.......###
......### .#######
..


You could see a shock serpent, a mana viper, a guardian serpent, a black mamba
and a naga mage (fast).

Vanquished Creatures
  Saint Roka (Orc:2)
  Jorgrun (D:14)
  Frances (D:14)
  Donald (Snake:3)
  A nagaraja (Snake:4)
  An orc warlord (Orc:1)
  Azrael (Orc:2)
  Snorg (Orc:2)
  Fannar (Lair:3)
  3 boulder beetles
  An ice dragon (D:15)
  2 vault guards (D:14)
  11 hydras
  3 centaur warriors
  A catoblepas (Lair:5)
  2 merfolk aquamancers
  3 two-headed ogres
  A death knight (D:14)
  11 anacondas
  10 naga warriors
  3 tengu warriors
  4 orc high priests (Orc:2)
  3 thrashing horrors (Lair:5)
  2 dancing weapons (Elf:1)
  7 naga sharpshooters
  8 death yaks
  3 deep elf knights (Elf:1)
  A shock serpent (Snake:1)
  2 sea snakes (Snake:3)
  2 wizards (D:14)
  6 naga ritualists
  4 orc knights
  A necromancer (D:15)
  7 deep elf pyromancers
  4 deep elf zephyrmancers
  5 orc sorcerers
  8 mana vipers
  3 salamanders (Snake:2)
  18 ugly things
  A wolf spider zombie (D:15)
  11 elephants (Lair:4)
  4 manticores
  2 large abominations (Lair:5)
  6 cyclopes
  33 black mambas
  2 guardian serpents
  2 smoke demons (Lair:5)
  Maggie (Lair:2)
  5 naga magi
  A water nymph (Shoals:1)
  9 cane toads
  A gargoyle (D:14)
  2 centaur skeletons (D:15)
  6 komodo dragons
  7 kobold demonologists
  2 tengu conjurers (D:13)
  7 yaktaurs
  An efreet (D:14)
  3 rime drakes
  A yaktaur (shapeshifter) (D:14)
  2 ancient zymes (Lair:5)
  A polar bear (Lair:2)
  7 merfolk (Shoals:1)
  5 trolls
  32 blink frogs
  14 dream sheep
  8 slime creatures
  A snapping turtle (Lair:3)
  A jumping spider (shapeshifter) (D:13)
  A centaur simulacrum (D:15)
  A spriggan (Lair:5)
  2 air elementals (Elf:1)
  58 yaks
  4 water elementals
  2 shadows
  A wraith (D:12)
  4 ynoxinuls (Lair:5)
  2 fire elementals (Orc:2)
  A hog (shapeshifter) (D:13)
  2 steam dragons
  7 wyverns
  A yak (shapeshifter) (D:15)
  5 basilisks
  A chaos spawn (Lair:5)
  21 humans
  4 hogs (D:8)
  33 nagas
  A swamp worm (shapeshifter) (D:13)
  6 wargs
  An acid dragon (D:11)
  6 hell hounds (Orc:2)
  11 water moccasins
  33 orc warriors
  Duvessa (D:7)
  A swamp drake (D:11)
  4 black bears
  3 ice beasts
  7 ogres
  7 wolves
  2 sky beasts
  4 phantoms
  8 centaurs
  9 kobold brigands
  10 small abominations (Lair:5)
  A gnoll sergeant (D:9)
  2 scorpions
  9 bullfrogs
  Dowan (D:7)
  11 wights
  6 killer bees
  An electric eel (D:14)
  5 howler monkeys
  2 gnoll boudas
  2 hounds
  12 orc priests
  4 jellies
  2 hell rats (D:9)
  14 orc wizards
  2 iguanas
  A boggart zombie (D:15)
  Robin (D:2)
  16 gnolls
  3 river rats (D:9)
  8 adders
  A shadow imp (D:7)
  An ufetubus (D:4)
  A worm (D:5)
  A dart slug (D:3)
  50 orcs
  6 ball pythons
  6 endoplasms
  10 goblins
  10 hobgoblins
  2 jackals (D:5)
  A quokka (D:9)
  4 bats
  4 frilled lizards (D:1)
  34 kobolds
  5 rats
829 creatures vanquished.

Vanquished Creatures (others)
  An unseen horror (D:13)
  A naga (Snake:2)
  A bush (Lair:5)
  8 demonic plants (D:7)
  48 fungi
  20 plants
79 creatures vanquished.

Grand Total: 908 creatures vanquished

Notes
Turn   | Place    | Note
-------+----------+-------------------------------------------
     0 | D:1      | DemonSlayer the Demonspawn Earth Elementalist began the
                  | quest for the Orb.
     0 | D:1      | Reached XP level 1. HP: 13/13 MP: 3/3
   424 | D:1      | Gained mutation: When seriously injured, your blood forms
                  | armour. (AC +9) [demonic ancestry]
   424 | D:1      | Reached XP level 2. HP: 19/19 MP: 3/5
   921 | D:2      | Noticed Robin
  1114 | D:2      | Gained mutation: You have a pair of small horns on your
                  | head. [demonic ancestry]
  1114 | D:2      | Reached XP level 3. HP: 24/24 MP: 4/6
  1151 | D:2      | Killed Robin
  1798 | D:2      | Learned a level 2 spell: Passwall
  1802 | D:2      | Learned a level 3 spell: Stone Arrow
  1831 | D:3      | Got Taherr's Almanac of Topological Accomplices
  2471 | D:3      | Noticed a kobold brigand
  2484 | D:3      | Killed a kobold brigand
  2485 | D:3      | Reached skill level 3 in Spellcasting
  2485 | D:3      | Reached XP level 4. HP: 10/30 MP: 0/8
  2492 | D:3      | HP: 1/30 [poisoned by a kobold brigand]
  2957 | D:3      | Gained mutation: You have a pair of horns on your head.
                  | [demonic ancestry]
  2957 | D:3      | Reached XP level 5. HP: 35/35 MP: 6/9
  3092 | D:3      | Learned a level 4 spell: Petrify
  3524 | D:4      | Identified the +3 short sword of Conscience {holy, rCorr}
  4012 | D:4      | Found a shimmering altar of Xom.
  4302 | D:4      | Reached skill level 4 in Spellcasting
  4423 | D:5      | Entered Level 5 of the Dungeon
  4429 | D:5      | Noticed an ice beast
  4435 | D:5      | Killed an ice beast
  4436 | D:5      | Reached skill level 1 in Transmutations
  4436 | D:5      | Gained mutation: A meltable shield of frost defends you.
                  | (SH +4) [demonic ancestry]
  4436 | D:5      | Reached XP level 6. HP: 42/42 MP: 0/12
  5123 | D:5      | Reached skill level 5 in Earth Magic
  5123 | D:5      | Gained mutation: You are partially covered in sharp spines.
                  | [demonic ancestry]
  5123 | D:5      | Reached XP level 7. HP: 47/47 MP: 3/14
  5246 | D:5      | Reached skill level 1 in Conjurations
  5400 | D:5      | Reached skill level 5 in Spellcasting
  5770 | D:5      | Noticed a steam dragon
  5774 | D:5      | Killed a steam dragon
  5924 | D:5      | Learned a level 3 spell: Mephitic Cloud
  5928 | D:5      | Learned a level 3 spell: Ignite Poison
  5974 | D:6      | Reached XP level 8. HP: 51/53 MP: 1/16
  6301 | D:6      | Reached skill level 1 in Short Blades
  6301 | D:6      | Reached skill level 6 in Spellcasting
  6310 | D:6      | Reached skill level 1 in Fighting
  6919 | D:6      | Found a hazy altar of Hepliaklqana.
  7494 | D:7      | Found a burning altar of Makhleb.
  7500 | D:7      | Reached XP level 9. HP: 59/59 MP: 12/19
  7636 | D:7      | Found Lus Ebo's Vocational Training.
  7637 | D:7      | Noticed Duvessa
  7637 | D:7      | Noticed Dowan
  7649 | D:7      | Killed Duvessa
  7651 | D:7      | Killed Dowan
  8139 | D:7      | Reached skill level 5 in Conjurations
  8243 | D:7      | Reached skill level 7 in Spellcasting
  8316 | D:7      | Found a staircase to the Ecumenical Temple.
  8391 | Temple   | Entered the Ecumenical Temple
  8416 | Temple   | Became a worshipper of Dithmenos the Shadowed
  9425 | D:8      | Noticed a six-headed hydra
 10507 | D:8      | Killed a six-headed hydra
 10508 | D:8      | Reached XP level 10. HP: 66/67 MP: 6/21
 10688 | D:8      | Reached * piety under Dithmenos
 10863 | D:8      | Reached skill level 1 in Shields
 11268 | D:9      | Reached skill level 8 in Spellcasting
 11583 | D:9      | Found an ornate altar of the Wu Jian Council.
 12017 | D:9      | Found a staircase to the Lair.
 12017 | D:9      | Noticed a death yak
 12017 | D:9      | Noticed a death yak
 12258 | D:9      | Noticed a death yak
 12418 | D:9      | Found a bloodstained altar of Trog.
 13451 | D:9      | Found a radiant altar of Vehumet.
 13451 | D:9      | Found a broken altar of Ashenzari.
 13451 | D:9      | Found an iron altar of Okawaru.
 13459 | D:9      | Found a blossoming altar of Fedhas.
 13544 | D:9      | Found Teicw's Assorted Antiques.
 13553 | D:9      | Bought a scroll of enchant armour for 142 gold pieces
 13553 | D:9      | Bought a runed short sword for 114 gold pieces
 13553 | D:9      | Bought a scroll labelled XUSTOO EGYBE for 19 gold pieces
 13553 | D:9      | Bought a fuming yellow potion for 17 gold pieces
 13553 | D:9      | Bought an emerald potion for 17 gold pieces
 13553 | D:9      | Bought a potion of curing for 57 gold pieces
 13553 | D:9      | Bought a runed bone ring for 95 gold pieces
 13620 | D:9      | Killed a death yak
 14072 | D:8      | Killed a death yak
 14073 | D:8      | Reached skill level 9 in Spellcasting
 14073 | D:8      | Gained mutation: You are mostly covered in sharp spines.
                  | [demonic ancestry]
 14073 | D:8      | Reached XP level 11. HP: 61/73 MP: 1/24
 14424 | D:9      | Killed a death yak
 14557 | Lair:1   | Entered Level 1 of the Lair of Beasts
 14797 | Lair:1   | Noticed a seven-headed hydra
 14810 | Lair:1   | Killed a seven-headed hydra
 14811 | Lair:1   | Reached skill level 5 in Stealth
 15535 | D:10     | Entered Level 10 of the Dungeon
 15840 | D:10     | Found a stormy altar of Qazlal.
 15877 | D:10     | Reached ** piety under Dithmenos
 15880 | D:10     | Noticed a sun demon
 15909 | D:10     | Noticed a sixfirhy
 16878 | D:10     | Reached skill level 10 in Earth Magic
 17133 | D:10     | Found an ancient bone altar of Kikubaaqudgha.
 17942 | D:11     | Found a staircase to the Orcish Mines.
 18443 | D:11     | Noticed a purple ugly thing
 18448 | D:11     | Killed a purple ugly thing
 18449 | D:11     | Reached skill level 10 in Spellcasting
 18452 | D:11     | Noticed a brown ugly thing
 18464 | D:11     | Noticed a two-headed ogre
 18475 | D:11     | Killed a two-headed ogre
 18482 | D:11     | Gained mutation: You are completely covered in sharp
                  | spines. [demonic ancestry]
 18482 | D:11     | Reached XP level 12. HP: 56/80 MP: 1/26
 18692 | D:11     | Found a transporter.
 18709 | D:11     | Noticed a two-headed ogre
 18853 | D:11     | Found a transporter.
 18858 | D:11     | Found a bloodstained altar of Trog.
 18858 | D:11     | Noticed Lysca's ghost (journeyman MfTm)
 18858 | D:11     | Noticed a tengu warrior
 19030 | D:11     | Reached skill level 1 in Armour
 19282 | D:11     | Noticed a two-headed ogre
 19288 | D:11     | Killed a two-headed ogre
 19368 | D:11     | Learned a level 8 spell: Lehudib's Crystal Spear
 19919 | Lair:2   | Noticed Maggie
 19934 | Lair:2   | Killed Maggie
 20076 | Lair:2   | Noticed a four-headed hydra
 20084 | Lair:2   | Killed a four-headed hydra
 20791 | Lair:2   | Reached *** piety under Dithmenos
 22055 | Lair:3   | Found a staircase to the Snake Pit.
 22228 | Lair:3   | Noticed an eight-headed hydra
 22235 | Lair:3   | Killed an eight-headed hydra
 22469 | Lair:3   | Reached XP level 13. HP: 86/87 MP: 3/27
 22471 | Lair:3   | Reached skill level 10 in Conjurations
 22629 | Lair:3   | Reached skill level 11 in Spellcasting
 23344 | D:12     | You fall into a shaft and drop 1 floor!
 23360 | D:13     | Reached **** piety under Dithmenos
 23949 | D:13     | Reached skill level 5 in Dodging
 25033 | D:12     | Identified the +4 morningstar of the Inferno {pain, rN+}
 26035 | D:13     | Got the Grimoire of Violent Excavation
 26255 | D:13     | Learned a level 6 spell: Iron Shot
 26262 | D:13     | Learned a level 5 spell: Freezing Cloud
 26484 | D:14     | Reached skill level 5 in Short Blades
 26548 | D:14     | Noticed Jorgrun
 26614 | D:14     | Killed Jorgrun
 26887 | D:14     | Noticed Frances
 26893 | D:14     | Killed Frances
 26894 | D:14     | Reached skill level 1 in Throwing
 27038 | D:14     | Reached skill level 12 in Spellcasting
 27045 | D:14     | Reached ***** piety under Dithmenos
 27046 | D:14     | Reached skill level 1 in Evocations
 27046 | D:14     | Gained mutation: Your hexes are more powerful. [demonic
                  | ancestry]
 27046 | D:14     | Reached XP level 14. HP: 75/95 MP: 2/30
 27555 | D:14     | Found a gate to the Vaults.
 28189 | D:14     | You fall into a shaft and drop 1 floor!
 28189 | D:15     | Entered Level 15 of the Dungeon
 29155 | D:14     | Found Qapp's Jewellery Emporium.
 30019 | D:15     | Reached skill level 5 in Shields
 31185 | D:15     | Found a staircase to the Depths.
 31268 | D:15     | Learned a level 4 spell: Dispel Undead
 31413 | Orc:1    | Entered Level 1 of the Orcish Mines
 31413 | Orc:1    | Found Ziexkud's General Store.
 31680 | Orc:1    | Bought a +0 cloak of poison resistance for 110 gold pieces
 31680 | Orc:1    | Bought a scroll of teleportation for 39 gold pieces
 32701 | Lair:3   | Noticed Fannar
 32712 | Lair:3   | Killed Fannar
 33040 | Lair:3   | Found a staircase to the Shoals.
 33044 | Lair:3   | Reached skill level 13 in Spellcasting
 33533 | Lair:4   | Reached XP level 15. HP: 101/101 MP: 7/32
 34972 | Lair:5   | Entered Level 5 of the Lair of Beasts
 35340 | Lair:5   | Found a staircase to the Slime Pits.
 35341 | Lair:5   | Found a viscous altar of Jiyva.
 35748 | Lair:5   | Got the Folio of Petrous Conjuration
 35784 | Lair:5   | Reached skill level 5 in Fighting
 35906 | Lair:5   | Reached ****** piety under Dithmenos
 37564 | Lair:5   | Found a corrupted altar of Lugonu.
 37564 | Lair:5   | Found a one-way gate to the infinite horrors of the Abyss.
 37851 | Lair:5   | Found a blossoming altar of Fedhas.
 38470 | Orc:2    | Entered Level 2 of the Orcish Mines
 38473 | Orc:2    | Noticed Snorg
 38477 | Orc:2    | Killed Snorg
 38719 | Orc:2    | Noticed Azrael
 38775 | Orc:2    | Killed Azrael
 39089 | Orc:2    | Noticed an orc warlord
 39312 | Orc:1    | Killed an orc warlord
 39313 | Orc:1    | Reached skill level 14 in Spellcasting
 39860 | Orc:2    | Noticed Saint Roka
 40745 | Orc:2    | Paralysed by an orc sorcerer for 4 turns
 41369 | Orc:2    | Killed Saint Roka
 41370 | Orc:2    | Gained mutation: A meltable icy envelope protects you from
                  | harm. (AC +4) [demonic ancestry]
 41370 | Orc:2    | Reached XP level 16. HP: 85/110 MP: 2/34
 41690 | Orc:2    | Found Byemuuc's Antique Weapon Shop.
 41761 | Orc:2    | Found Fuecithre's Antique Armour Boutique.
 41776 | Orc:2    | Found a staircase to the Elven Halls.
 41781 | Orc:2    | Found Ulaeman's Jewellery Boutique.
 41796 | Orc:2    | Bought an amulet of regeneration for 450 gold pieces
 41839 | Orc:2    | Found Icsis's General Store.
 42029 | Orc:2    | Learned a level 4 spell: Iskenderun's Mystic Blast
 42693 | Elf:1    | Entered Level 1 of the Elven Halls
 42762 | Elf:1    | Found a radiant altar of Vehumet.
 42775 | Elf:1    | Paralysed by an air elemental for 1 turns
 42980 | Elf:1    | Reached skill level 1 in Poison Magic
 43870 | Shoals:1 | Entered Level 1 of the Shoals
 44892 | Snake:1  | Entered Level 1 of the Snake Pit
 45895 | D:7      | Bought a manual of Evocations for 1120 gold pieces
 49049 | Snake:3  | Noticed Donald
 49065 | Snake:3  | Killed Donald
 49070 | Snake:3  | Reached skill level 15 in Spellcasting
 49740 | Snake:3  | Gained mutation: When seriously injured, your blood forms
                  | thick armour. (AC +9) [demonic ancestry]
 49740 | Snake:3  | Reached XP level 17. HP: 105/116 MP: 19/36
 49848 | Snake:3  | Identified the +1 robe "Veakez" {rC++ Will+ MP+9 Dex-2}
 50118 | Snake:4  | Entered Level 4 of the Snake Pit
 50929 | Snake:4  | Found a sparkling altar of Nemelex Xobeh.
 50955 | Snake:4  | HP: 4/117 [shock serpent/bolt of electricity (16)]
 50957 | Snake:4  | Slain by a black mamba

Illustrated notes

Levels and vault maps discovered:
D:1:      onia_arrival_pyramid, layout_basic, hex_medium
D:2:      layout_basic, dreamdust_mushroom_princess, roderic_st_hans_cross,
          minmay_misc_feat_columns, uniq_robin
D:3:      cheibrodos_thug_alley, layout_basic, guppyfry_early_lair_pool
D:4:      layout_cave_pods, kennysheep_mini_moat, due_unseen_surprise
D:5:      layout_loops_corners
D:6:      layout_basic, lemuel_doored_altar
D:7:      layout_basic, mainiacjoe_overflow_small_starburst,
          minmay_temple_entry_drinking_statues, serial_demonic,
          serial_demonic_b, serial_demonic_g, serial_demonic_b,
          serial_demonic_f, nicolae_shop_vocational, uniq_duvessa
D:8:      layout_loops_ring, grunt_livestock
D:9:      layout_basic, pdpol_wu_jian_five_deadly_venoms,
          minmay_overflow_temple_hex, dpeg_lair_monsters, serial_shops,
          nicolae_lakefront_shop, david_defended_altar_orc
D:10:     layout_loops_ring, mainiacjoe_overflow_24_doors,
          nicolae_qazlal_style_of_elements, mainiacjoe_overflow_cross_hatched
D:11:     layout_layer_cave, erik_orc_1, gammafunk_ghost_wrathful_warriors
D:12:     layout_long_grid
D:13:     layout_cave_pools
D:14:     layout_roguey, grunt_vaults_entry_tiered,
          minmay_staircase_windowed_small, serial_shops, nicolae_stop_n_shop_1,
          water_maze_lemuel, uniq_frances, uniq_jorgrun
D:15:     grunt_enter_depths_magical_seal, layout_rooms,
          nicolae_kite_square_tiling_tiny
Temple:   hellmonk_temple_rainy
Lair:1:   layout_roguey, lemuel_fruit_fields
Lair:2:   layout_gridlike, grunt_megastairs_3, infiniplex_staircase_pool_2,
          uniq_maggie
Lair:3:   layout_roguey, minmay_shoals_entry_hut,
          minmay_snake_entry_six_corridors, chequers_serial_rivers_micro_e,
          grunt_megastairs_4, uniq_fannar
Lair:4:   layout_hall_layers, infiniplex_staircase_pool, grunt_megastairs_1
Lair:5:   hellmonk_lair_end_abyssal_woods, layout_misc_corridors,
          nicolae_slime_entry_slimehenge, lemuel_centaur_altar
Shoals:1: layout_shoals, lemuel_altar_in_water
Snake:1:  layout_basic
Snake:2:  layout_rooms
Snake:3:  layout_misc_corridors, serial_bayou_shore_a, uniq_donald
Snake:4:  grunt_snake_rune_serpentine_throne, layout_onion_interference,
          basic_altar, portal_ice_cave_entry_frozen_things,
          nicolae_triple_integral
Orc:1:    layout_caves, serial_shops, shop, led_sif_book, uniq_erolcha
Orc:2:    grunt_orc_gardens, layout_caves, grunt_orc_garden, grunt_orc_garden,
          grunt_orc_garden, grunt_orc_garden, uniq_saint_roka, uniq_azrael,
          uniq_snorg
Elf:1:    eino_elf_arrival_altar, layout_onion_city

Skill      XL: |  1  2  3  4  5  6  7  8  9 10 11 12 13 14 15 16 |
---------------+-------------------------------------------------+-----
Earth Magic    | 3 4 5 6 8 9 10 11 12 13 14 | 14.8
Dodging        | 2 3 4 5 6 7 |  7.3
Stealth        | 2 3 4 5 6 |  6.9
Spellcasting   | 3 4 5 6 7 9 10 12 13 14 15 | 15.2
Transmutations | 1 |  1.5
Conjurations   | 2 3 6 7 8 9 11 12 13 14 | 14.4
Short Blades   | 1 2 3 4 5 6 7 |  7.9
Fighting       | 1 2 3 4 5 |  5.8
Shields        | 1 3 4 5 6 7 |  7.4
Armour         | 2 |  2.8
Throwing       | 1 |  1.2
Evocations     | 1 2 |  2.9
Poison Magic   | 1 |  1.0
Air Magic      | |  0.2

Action                   |  1- 3 |  4- 6 |  7- 9 | 10-12 | 13-15 | 16-18 || total
-------------------------+-------+-------+-------+-------+-------+-------++-------
Melee: Unarmed           |     8 |       |       |       |       |       ||     8
       Dagger            |     8 |    10 |    47 |    38 |       |       ||   103
       Headbutt          |     1 |     3 |    11 |    44 |   150 |    80 ||   289
       Short sword       |       |       |       |   127 |   491 |   260 ||   878
Throw: Throwing net      |       |       |       |       |     7 |       ||     7
       Dart              |       |       |       |       |     7 |       ||     7
 Cast: Sandblast         |    73 |    31 |       |    20 |       |       ||   124
       Stone Arrow       |       |    21 |   127 |   326 |   358 |    22 ||   854
       Passwall          |       |     2 |       |       |       |       ||     2
       Iron Shot         |       |       |       |       |   199 |   186 ||   385
       Mephitic Cloud    |       |       |       |       |     6 |       ||     6
       Ignite Poison     |       |       |       |       |     2 |       ||     2
Evoke: Wand              |       |       |       |       |    25 |       ||    25
       Phantom mirror    |       |       |       |       |     2 |       ||     2
       Box of beasts     |       |       |       |       |       |     1 ||     1
  Use: Scroll            |     5 |     4 |     5 |    10 |    27 |     7 ||    58
       Potion            |     4 |       |     2 |       |    19 |     7 ||    32
 Stab: Sleeping          |       |     2 |     2 |     5 |     8 |     1 ||    18
       Held in net/web   |       |       |       |       |     1 |       ||     1
Armor: Robe              |    16 |    17 |    16 |    20 |       |       ||    69
       Steam dragon scal |       |       |       |    16 |   167 |   111 ||   294
       Acid dragon scale |       |       |       |     2 |       |       ||     2
Dodge: Dodged            |    30 |    31 |    59 |   153 |   356 |   181 ||   810
Block: Other             |       |     3 |    13 |    13 |       |       ||    29
       Buckler           |       |       |       |   100 |   299 |   147 ||   546
